 Dungeon Crawl Stone Soup version 0.27-a0-1525-g1038ab4fd7 (webtiles) character file.

Game seed: 16205367844680975678

405 nyamberluvr69 the Skirmisher (level 6, -1/69 HPs)
             Began as an Octopode Berserker on July 11, 2021.
             Was a Believer of Trog.
             Slain by an ogre (23 damage)
             ... on level 4 of the Dungeon.
             The game lasted 00:03:14 (3102 turns).

nyamberluvr69 the Skirmisher (Octopode Berserker)   Turns: 3102, Time: 00:03:15

Health: -1/69      AC:  1    Str: 16    XL:     6   Next: 87%
Magic:  6/6        EV: 13    Int: 10    God:    Trog [**....]
Gold:   74         SH:  0    Dex: 13    Spells: 5/5 levels left

rFire    + . .     SeeInvis .   o - +0 long sword
rCold    + . .     Faith    .   (no shield)
rNeg     . . .     Spirit   .   (helmet restricted)
rPois    .         Reflect  .   (no amulet)
rElec    .         Harm     .   c - ring of protection from fire
rCorr    .         Rampage  .   m - ring of protection from cold
Will     .....                  (no ring)
Stlth    ..........             (no ring)
HPRegen  0.21/turn              (no ring)
MPRegen  0.10/turn              (no ring)
                                (no ring)
                                (no ring)

@: berserking, very quick
A: almost no armour, amphibious, 8 rings, camouflage 1, gelatinous body 1,
(nimble swimmer 1), tentacles
a: Renounce Religion, Berserk, Trog's Hand


You were on level 4 of the Dungeon.
You worshipped Trog.
Trog was pleased with you.
You visited 1 branch of the dungeon, and saw 4 of its levels.

You collected 74 gold pieces.

Inventory:

Hand Weapons
 o - a +0 long sword (weapon)
Jewellery
 c - a ring of protection from fire (left tentacle)
 m - a ring of protection from cold (right tentacle)
Scrolls
 b - a scroll of enchant weapon {unknown}
 d - a scroll of magic mapping {unknown}
 e - a scroll of amnesia {unknown}
 h - a scroll of teleportation {unknown}
 j - 3 scrolls of identify {unknown}
 k - 2 scrolls of enchant armour {unknown}
 l - a scroll of noise {unknown}
Potions
 a - a potion of resistance {unknown}
 f - 2 potions of might {unknown}
 g - 3 potions of curing {unknown}
 i - a potion of haste {unknown}
 n - a potion of invisibility {unknown}


   Skills:
 + Level 5.7 Fighting
 + Level 5.6 Long Blades
 - Level 3.0 Dodging


You had 5 spell levels left.
You didn't know any spells.
Your spell library was empty.

Dungeon Overview and Level Annotations

Branches:
Dungeon (4/15)
 Temple: D:4-7

Altars:
Wu Jian

Shops:
D:4 *


Innate Abilities, Weirdness & Mutations

You cannot wear most types of armour.
You are amphibious.
You can wear up to eight rings at the same time.
Your skin changes colour to match your surroundings (Stealth+).
Your rubbery body absorbs attacks. (AC +1, EV +1)
((You are camouflaged near water. (Stealth+)))
You have tentacles for arms and can constrict up to eight enemies at once.


Message History

You feel yourself speed up.
You recover from your berserk rage.
You hear the slow hiss of a very distant avalanche of sand.
You hear the hiss of a very distant avalanche of sand.
HP restored.
A quokka skeleton comes into view.
The quokka skeleton moves out of view.
Found Ihyniaw's Assorted Antiques.
A quokka skeleton is nearby!
A quokka skeleton is nearby!
A goblin comes into view. It is wielding a +0 club.
Found a viscous amethyst potion.
The helpless goblin fails to defend itself.
You slash the goblin!
You kill the goblin!
Trog accepts your kill.
You slash the quokka skeleton!
You destroy the quokka skeleton!
Trog accepts your kill.
No target in view!
No target in view!
There is an entrance to Ihyniaw's Assorted Antiques here.
a - a viscous amethyst potion An ogre comes into view.
It is wielding a +0 giant club.
An ogre is nearby!
The ogre shouts!
A dart slug comes into view.
A hobgoblin comes into view.
The hobgoblin shouts!
You hit the ogre but do no damage. The ogre hits you with a +0 giant club!
You hit the ogre but do no damage.
The ogre hits you with a +0 giant club!!
You are too injured to fight recklessly!
You hear the hiss of a very distant avalanche of sand.
The dart slug launches a dart at you. The slug dart misses you.
A red film seems to cover your vision as you go berserk!
You feel yourself moving faster!
You feel mighty!
The ogre hits you with a +0 giant club!!
You die...

.... .... ##.# .....
##..##### .....
#.......## ......
##........# .....w#
#.........# .......##
##.........##
........###...........#
....g..O@#............#
.......#........≈≈≈...#
......###......≈≈≈≈≈..#
...... ##.......∩≈≈).#
...... #.....≈≈≈≈≈..#
..... #......≈≈≈.###
..... ##.......###
#.#...### ##. #..####
##..


You could see an ogre, a dart slug and a hobgoblin.

Vanquished Creatures
  An ice beast (D:4)
  A necrophage (D:3)
  2 orc priests (D:3)
  Terence (D:3)
  2 orc wizards (D:3)
  3 adders
  An adder skeleton (D:4)
  A dart slug (D:3)
  6 orcs (D:3)
  5 ball pythons
  3 bats
  4 endoplasms
  9 goblins
  4 hobgoblins
  3 jackals (D:2)
  6 kobolds
  4 quokkas
  3 frilled lizards
  A quokka skeleton (D:4)
  5 rats
65 creatures vanquished.

Notes
Turn   | Place    | Note
-------+----------+-------------------------------------------
     0 | D:1      | nyamberluvr69 the Octopode Berserker began the quest for
                  | the Orb.
     0 | D:1      | Reached XP level 1. HP: 16/16 MP: 1/1
    97 | D:1      | Reached XP level 2. HP: 6/21 MP: 2/2
   688 | D:1      | Found a faded altar of an unknown god.
   970 | D:2      | Reached XP level 3. HP: 20/26 MP: 3/3
  1472 | D:2      | Found an ornate altar of the Wu Jian Council.
  1727 | D:3      | Reached XP level 4. HP: 33/33 MP: 4/4
  1747 | D:3      | Noticed a necrophage
  1754 | D:3      | Killed a necrophage
  1755 | D:3      | Reached XP level 5. HP: 22/38 MP: 5/5
  1943 | D:3      | Reached ** piety under Trog
  2014 | D:3      | Noticed Terence
  2021 | D:3      | Killed Terence
  2234 | D:3      | Reached skill level 5 in Fighting
  2234 | D:3      | Reached skill level 5 in Long Blades
  2236 | D:3      | Reached XP level 6. HP: 37/45 MP: 6/6
  2920 | D:4      | Noticed an ice beast
  2927 | D:4      | Killed an ice beast
  3072 | D:4      | Found Ihyniaw's Assorted Antiques.
  3102 | D:4      | Slain by an ogre

Illustrated notes

Levels and vault maps discovered:
D:1:      ebering_trefoil_twist, layout_rooms, chequers_ecumenical_altar_simple
D:2:      layout_rooms, basic_altar
D:3:      layout_loops_ring, st_stairs_7, fountainhead, uniq_terence
D:4:      layout_cave_pods, nicolae_ashenzari_skybound, enter_ossuary_5,
          serial_shops, nicolae_shop_overgrown_old_shop,
          nicolae_shop_waterfront, uniq_pikel, uniq_robin

Skill      XL: |  1  2  3  4  5 |
---------------+----------------+-----
Fighting       | 4 5 |  5.7
Long Blades    | 4 5 |  5.6
Dodging        | |  3.0

Action                   |  1- 3 |  4- 6 || total
-------------------------+-------+-------++-------
Melee: Falchion          |    61 |    23 ||    84
       Tentacles         |    10 |    13 ||    23
       Constrict         |    13 |    13 ||    26
       Long sword        |       |    22 ||    22
Invok: Berserk           |     2 |     6 ||     8
 Stab: Sleeping          |     4 |     5 ||     9
Armor: Skin              |     5 |     3 ||     8
Dodge: Dodged            |    37 |    28 ||    65
       Rpst.: Falchion   |    11 |     7 ||    18
       Long sword        |       |     4 ||     4

Table legend: (Time is in decaauts)
 A = Elapsed time spent in this place.
 B = Non-inter-level travel time spent in this place.
 C = Inter-level travel time spent in this place.
 D = Time resting spent in this place.
 E = Time spent auto-exploring this place.
 F = Levels seen in this place.
 G = Mean time per level.
                   A        B        C        D        E       F      G
               +--------+--------+--------+--------+--------+-----+--------+
         Total |   3180 |   3097 |     83 |    880 |   1855 |   4 |  795.0 |
       Dungeon |   3180 |   3097 |     83 |    880 |   1855 |   4 |  795.0 |
               +--------+--------+--------+--------+--------+-----+--------+

Top non-repeatable levels by time:
     D:3: 1292 daAuts
     D:1: 858 daAuts
     D:2: 826 daAuts
     D:4: 203 daAuts
